 Dungeon Crawl Stone Soup version 0.31-a0-542-gdc2a67831c (webtiles) character file.

Game seed: 15481860385365332820

377 Kuronicle the Sneak (level 6, -6/41 HPs)
             Began as an Octopode Shapeshifter on Aug 14, 2023.
             Was a Follower of Cheibriados.
             Mangled by a troll (13 damage)
             ... on level 5 of the Dungeon.
             The game lasted 00:17:37 (7783 turns).

Kuronicle the Sneak (Octopode Shapeshifter)         Turns: 7783, Time: 00:17:37

Health: -6/41      AC:  1    Str: 14 (16) XL:     6   Next: 73%
Magic:  7/7        EV: 14    Int: 12 (13) God:    Cheibriados [*.....]
Gold:   196        SH:  0    Dex: 14 (16) Spells: 7/7 levels left

rFire   . . .        e - +2 quarterstaff (spect)
rCold   . . .        (shield currently unavailable)
rNeg    . . .        (helmet currently unavailable)
rPois   .            (no amulet)
rElec   .            (no ring)
rCorr   .            (no ring)
SInv    .            (no ring)
Will    .....        (no ring)
Stlth   ++++         (no ring)
HPRegen 0.26/turn    (no ring)
MPRegen 0.10/turn    (no ring)
                     (no ring)

%: no passive effects
@: beast-form, very slow
A: beast (slay +2), almost no armour, amphibious, 8 rings, camouflage 1,
gelatinous body 1, (nimble swimmer 1), tentacles, screaming 1, no potion heal 1,
subdued magic 1, MP-powered wands
a: Begin Untransformation, Renounce Religion, Bend Time


You were on level 5 of the Dungeon.
You worshipped Cheibriados.
Cheibriados was aware of your devotion.
You were a hulking beast.
You visited 1 branch of the dungeon, and saw 5 of its levels.

You collected 196 gold pieces.

Inventory:

Hand Weapons
 e - a +2 spectral quarterstaff (weapon)
Magical Staves
 d - a staff of air
Talismans
 b - a beast talisman (active)
 c - a flux talisman
Wands
 g - a wand of light (12)
Scrolls
 i - a scroll of enchant armour
 k - a scroll of amnesia
 l - a scroll of identify
Potions
 a - a potion of lignification
 f - 2 potions of might


   Skills:
 * Level 2.6 Fighting
 * Level 1.7 Staves
 * Level 3.0 Dodging
 * Level 5.1 Stealth
 - Level 3.5 Unarmed Combat
 + Level 1.0 Spellcasting
 * Level 3.7 Shapeshifting


You had 7 spell levels left.
You didn't know any spells.
Your spell library contained the following spells:

 Spells                   Type           Power      Damage    Failure   Level
 Freeze                   Ice            0%         1d3       26%         1
 Frozen Ramparts          Ice            0%         1d1       61%         3
 Hailstorm                Conj/Ice       0%         3d3       61%         3


Dungeon Overview and Level Annotations

Branches:
Dungeon (5/15)
 Temple: D:4-7

Altars:
Ashenzari
Cheibriados
Okawaru


Innate Abilities, Weirdness & Mutations

You are a hulking beast.
Your limbs bulge with bestial killing power. (Slay +2)
You cannot wear most types of armour.
You are amphibious.
You can wear up to eight rings at the same time.
Your skin changes colour to match your surroundings (Stealth+).
Your rubbery body absorbs attacks. (AC +1, EV +1)
((You are camouflaged when in or above water. (Stealth+)))
You have tentacles for arms and can constrict up to eight enemies at once.
You occasionally shout uncontrollably at your foes.
Potions are less effective at restoring your health.
Your spells are a little easier to cast, but a little less powerful.
You expend magic power (3 MP) to strengthen your wands.


Message History

Done waiting.
You start waiting.
Done waiting.
There is a stone staircase leading down here.
You climb downwards.
Found a curved wooden wand.
There is a stone staircase leading up here.
An ice beast comes into view.
You see here a wand of light (12).
You see here a wand of light (12).
You see here a wand of light (12).
You sock the ice beast!
The ice beast is heavily wounded.
Your +2 spectral quarterstaff hits the ice beast.
The ice beast hits you. The ice beast freezes you!
You sock the ice beast!
The ice beast is almost dead.
Your +2 spectral quarterstaff hits the ice beast.
You kill the ice beast!
Cheibriados appreciates the change of pace.
You feel your dexterity returning.
Your Dodging skill increases to level 3!
Your Stealth skill increases to level 5!
You swap places.
Your +2 spectral quarterstaff disappears.
g - a wand of light (12) HP restored.
A troll comes into view.
The troll shouts!
A quokka comes into view.
The troll barely misses you. x2; The troll claws you!
You barely miss the troll. The troll closely misses you. The troll claws you.
The troll claws you!
You closely miss the troll. The troll bites you. The troll claws you.
The troll claws you!
* * * LOW HITPOINT WARNING * * *
You hit the troll.
The troll is lightly wounded.
The troll bites you!
You die...

#.#.....#.#
###.......#.#
+........##.#
###......##.#
#.#.##.##.#
#.........#
######.####
#.# #h# #T#
#r# #.# #.#
#.# ..# ###


You could see a troll and a quokka.

Vanquished Creatures
  A black bear (D:4)
  An ice beast (D:5)
  An iguana (D:4)
  An orc wizard (D:4)
  4 adders
  An ufetubus (D:4)
  2 adder zombies (D:2)
  3 worms
  3 dart slugs
  4 orcs
  7 ball pythons
  9 endoplasms
  2 giant cockroaches
  6 goblins
  6 hobgoblins
  3 quokkas
  A ball python zombie (D:2)
  9 bats
  5 frilled lizards
  A giant cockroach zombie (D:2)
  8 kobolds
  A quokka zombie (D:2)
  4 rats
83 creatures vanquished.

Notes
Turn   | Place    | Note
-------+----------+-------------------------------------------
     0 | D:1      | Kuronicle the Octopode Shapeshifter began the quest for the
                  | Orb.
     0 | D:1      | Reached XP level 1. HP: 13/13 MP: 1/1
    84 | D:1      | Reached XP level 2. HP: 15/18 MP: 2/2
   446 | D:1      | Reached skill level 1 in Stealth
   660 | D:1      | Reached XP level 3. HP: 23/23 MP: 3/3
  1217 | D:2      | Reached skill level 1 in Spellcasting
  1556 | D:2      | Reached XP level 4. HP: 28/28 MP: 5/5
  1669 | D:2      | Reached skill level 2 in Stealth
  1798 | D:3      | Found a snail-covered altar of Cheibriados.
  1838 | D:3      | Became a worshipper of Cheibriados the Contemplative
  1884 | D:3      | Found an iron altar of Okawaru.
  2569 | D:3      | Found a broken altar of Ashenzari.
  2770 | D:4      | Reached * piety under Cheibriados
  2865 | D:4      | Noticed a black bear
  2876 | D:4      | Killed a black bear
  2877 | D:4      | Reached skill level 1 in Staves
  2877 | D:4      | Reached skill level 3 in Stealth
  2877 | D:4      | Reached XP level 5. HP: 16/34 MP: 6/6
  2879 | D:4      | Reached skill level 4 in Stealth
  2888 | D:4      | Reached XP level 6. HP: 3/39 MP: 7/7
  2889 | D:4      | Gained mutation: You occasionally shout uncontrollably at
                  | your foes. [potion of mutation]
  2889 | D:4      | Gained mutation: Potions are less effective at restoring
                  | your health. [potion of mutation]
  2889 | D:4      | Gained mutation: Your spells are a little easier to cast,
                  | but a little less powerful. [potion of mutation]
  2889 | D:4      | Gained mutation: You expend magic power (3 MP) to
                  | strengthen your wands. [potion of mutation]
  7693 | D:5      | Entered Level 5 of the Dungeon
  7698 | D:5      | Noticed an ice beast
  7706 | D:5      | Killed an ice beast
  7707 | D:5      | Reached skill level 5 in Stealth
  7773 | D:5      | Noticed a troll
  7783 | D:5      | Mangled by a troll

Illustrated notes

Levels and vault maps discovered:
D:1:      lemuel_arrival_hallway, layout_rooms
D:2:      layout_loops_ring, serial_undead, serial_undead_a, serial_undead_b,
          serial_undead_d, serial_undead_b, serial_undead_d,
          ebering_dispersal_statue_hall
D:3:      layout_loops_ring, kennysheep_okawaru_gauntlet,
          cheibrodos_worm_habitat, general_overflow_altar,
          minmay_misc_feat_doors, minmay_statues_item
D:4:      layout_cave_pools, st_stairs_4
D:5:      layout_loops_corners, lemuel_zombie_altar_yredelemnul

Skill      XL: |  1  2  3  4  5  6 |
---------------+-------------------+-----
Stealth        | 1 3 4 5 |  5.1
Spellcasting   | 1 |  1.0
Fighting       | 2 |  2.6
Staves         | 1 |  1.7
Dodging        | 3 |  3.0
Unarmed Combat | |  3.5
Shapeshifting  | |  3.7

Action                     |  1- 3 |  4- 6 || total
---------------------------+-------+-------++-------
  Melee: Unarmed           |    79 |    15 ||    94
         Tentacles         |    18 |    16 ||    34
         Constrict         |    18 |    18 ||    36
         Punch             |     1 |     3 ||     4
         Quarterstaff      |       |    47 ||    47
    Use: Scroll            |     4 |     4 ||     8
         Potion            |       |     3 ||     3
   Stab: Sleeping          |     7 |     4 ||    11
 Armour: Skin              |     9 |     5 ||    14
  Dodge: Dodged            |    36 |    50 ||    86
   Form: Beast             |     3 |       ||     3
                           |     2 |       ||     2
         Flux              |     1 |       ||     1

Table legend: (Time is in decaauts)
 A = Elapsed time spent in this place.
 B = Non-inter-level travel time spent in this place.
 C = Inter-level travel time spent in this place.
 D = Time resting spent in this place.
 E = Time spent auto-exploring this place.
 F = Levels seen in this place.
 G = Mean time per level.
                   A        B        C        D        E       F      G
               +--------+--------+--------+--------+--------+-----+--------+
         Total |   8181 |   8032 |    149 |   4791 |   2060 |   5 | 1636.2 |
       Dungeon |   8181 |   8032 |    149 |   4791 |   2060 |   5 | 1636.2 |
               +--------+--------+--------+--------+--------+-----+--------+

Top non-repeatable levels by time:
     D:4: 5069 daAuts
     D:3: 1251 daAuts
     D:1: 881 daAuts
     D:2: 875 daAuts
     D:5: 103 daAuts
